 Dungeon Crawl Stone Soup version 0.21-a0-496-g696f58f (webtiles) character file.

256 Kurtz the Chiller (level 6, -1/32 HPs)
             Began as a Kobold Ice Elementalist on Nov 23, 2017.
             Slain by an orc wizard
             ... wielding a +2 dagger of electrocution
              (16 damage)
             ... on level 4 of the Dungeon.
             The game lasted 00:09:53 (4437 turns).

Kurtz the Chiller (Kobold Ice Elementalist)         Turns: 4437, Time: 00:09:53

Health: -1/32      AC: 11    Str:  5    XL:     6   Next: 38%
Magic:  1/12       EV: 15    Int: 19    God:
Gold:   119        SH:  0    Dex: 15    Spells: 4/14 levels left

rFire    . . .     SeeInvis +   p - +3 spear (pierce)
rCold    . . .     Gourm    .   (shield restricted)
rNeg     . . .     Faith    .   a - +0 robe
rPois    .         Spirit   .   t - +1 helmet
rElec    .         Reflect  .   (no cloak)
rCorr    .         Harm     .   m - +0 pair of gloves
MR       .....                  (no boots)
Stlth    ++........             (no amulet)
HPRegen  0.10/turn              j - ring of see invisible
MPRegen  0.13/turn              (no ring)

@: icy armour, slow
A: small, carnivore 3
a: no special abilities


You were on level 4 of the Dungeon.
You were completely stuffed.

You visited 1 branch of the dungeon, and saw 4 of its levels.

You collected 119 gold pieces.

Inventory:

Hand Weapons
 e - a +0 short sword
 p - a +3 spear of piercing (weapon)
Armour
 a - a +0 robe (worn)
 m - a +0 pair of gloves (worn)
 t - a +1 helmet (worn)
Jewellery
 j - a ring of see invisible (left hand)
Scrolls
 f - 2 scrolls of blinking {unknown}
 h - a scroll of remove curse {unknown}
 k - a scroll of teleportation {unknown}
 o - a scroll of identify {unknown}
 q - a scroll of fear {unknown}
 r - a scroll of random uselessness {unknown}
 s - a scroll of enchant armour {unknown}
Potions
 d - 3 potions of heal wounds {unknown}
 g - a potion of flight {unknown}
 l - 6 potions of curing {unknown}
Books
 b - a book of Frost

   Spells                             Type                      Level
   a - Freeze                         Ice                          1
   b - Throw Frost                    Conjuration/Ice              2
   c - Ozocubu's Armour               Charms/Ice                   3
   d - Throw Icicle                   Conjuration/Ice              4
   e - Summon Ice Beast               Ice/Summoning                4
Comestibles
 c - 2 meat rations
 i - 10 chunks of flesh
 n - a royal jelly


   Skills:
 - Level 2.4 Dodging
 * Level 3.5 Stealth
 * Level 4.5 Spellcasting
 * Level 1.8 Conjurations
 * Level 4.8 Ice Magic


You had 4 spell levels left.
You knew the following spells:

 Your Spells              Type           Power        Failure   Level  Hunger
a - Freeze                Ice            ###.         1%          1    None
b - Throw Frost           Conj/Ice       ###...       4%          2    #......
c - Ozocubu's Armour      Chrm/Ice       ##......     14%         3    ###....
d - Throw Icicle          Conj/Ice       ###.....     32%         4    ####...


Dungeon Overview and Level Annotations

Branches:
Dungeon (4/15)
 Temple: D:4-7

Altars:
Elyvilon
Gozag
Okawaru
Xom


Innate Abilities, Weirdness & Mutations

You are small and have problems with some larger weapons.
You are carnivorous and can eat meat at any time.


Message History

The orc wizard is moderately wounded.
The orc wizard casts a spell at you. The magic dart hits you!
Attack whom?
Press: ? - help, Dir - move target cursor, f/p - orc wizard
Aim: an orc wizard, wielding a dagger of electrocution and wearing a robe (moderately wounded, slightly transparent)
You hit the orc wizard.
The orc wizard is severely wounded.
The orc wizard hits you but does no damage.
Casting: Freeze
Confirm with . or Enter, or press ? or * to list all spells.
Aiming: Freeze
Press: ? - help, Shift-Dir - straight line, f/p - orc wizard
Aim: an orc wizard, wielding a dagger of electrocution and wearing a robe (severely wounded, slightly transparent)
You freeze the orc wizard.
The orc wizard is almost dead.
The orc wizard hits you but does no damage.
You are electrocuted!
Ouch! That really hurt!
You die...

.#....# .#..... .####.... .#
... .# .... .####.....
>#..........
##.......#....#######
.).......#......@ooo#
.........##########.#
...###### #.## ...# #..# ...#
##o## ...# #o.# .###
##.########
.####################.........
..............................


You could see 2 orc wizards and an orc.

Vanquished Creatures
  Jessica (D:2)
  An orc wizard (D:2)
  Robin (D:4)
  3 gnolls
  5 adders
  2 worms (D:2)
  A dart slug (D:2)
  3 leopard geckos
  4 orcs
  2 ball pythons (D:2)
  8 bats
  2 giant cockroaches (D:2)
  6 hobgoblins
  12 jackals
  6 kobolds
  4 quokkas (D:2)
  2 frilled lizards
  14 goblins
  4 rats
  A plant (D:2)
82 creatures vanquished.

Vanquished Creatures (others)
  Terence (D:2)
  A plant (D:2)
2 creatures vanquished.

Grand Total: 84 creatures vanquished

Notes
Turn   | Place    | Note
-------+----------+-------------------------------------------
     0 | D:1      | Kurtz the Kobold Ice Elementalist began the quest for the Orb.
     0 | D:1      | Reached XP level 1. HP: 10/10 MP: 3/3
   336 | D:1      | Reached XP level 2. HP: 6/15 MP: 3/5
   726 | D:1      | Learned a level 2 spell: Throw Frost
   822 | D:1      | Reached XP level 3. HP: 13/19 MP: 4/7
  1284 | D:1      | Found an iron altar of Okawaru.
  2031 | D:2      | Reached XP level 4. HP: 24/24 MP: 5/8
  2393 | D:2      | Found an opulent altar of Gozag.
  2493 | D:2      | Found a white marble altar of Elyvilon.
  2506 | D:2      | Found a shimmering altar of Xom.
  2959 | D:2      | Learned a level 3 spell: Ozocubu's Armour
  3109 | D:3      | Noticed Terence
  3119 | D:2      | Reached XP level 5. HP: 25/28 MP: 4/10
  3195 | D:2      | Learned a level 4 spell: Throw Icicle
  3238 | D:3      | Noticed Jessica
  3790 | D:2      | Killed Jessica
  4043 | D:2      | Killed Terence
  4043 | D:2      | Reached XP level 6. HP: 23/32 MP: 4/12
  4292 | D:4      | Noticed Robin
  4311 | D:4      | Killed Robin
  4437 | D:4      | Slain by an orc wizard

Vault maps used:
D:1:      lightli_arrival_lavapool, okawaru_ov_weapons_minmay
D:2:      wad_woods_stonehenge, minitemple
D:3:      chequers_ecumenical_altar_grove, uniq_jessica, uniq_terence
D:4:      minmay_goblin_kobold_castle, first_bread, uniq_robin, uniq_grinder

Skill      XL: |  1  2  3  4  5 |
---------------+----------------+-----
Spellcasting   | 3 4 |  4.5
Ice Magic      | 4 |  4.8
Stealth        | 3 |  3.5
Dodging        | |  2.4
Conjurations   | |  1.8

Action                   |  1- 3 |  4- 6 || total
-------------------------+-------+-------++-------
Melee: Short sword       |    52 |    34 ||    86
       Spear             |       |    65 ||    65
 Cast: Freeze            |    39 |    56 ||    95
       Throw Frost       |     3 |    14 ||    17
       Ozocubu's Armour  |       |     8 ||     8
 Stab: Sleeping          |     2 |     1 ||     3
  Eat: Chunk             |    12 |     9 ||    21
Armor: Robe              |    14 |    42 ||    56
Dodge: Dodged            |    94 |   103 ||   197

Table legend:
 A = Spawn XP
 B = Non-spawn XP
 C = Spawn XP percentage of total XP
 D = Spawn monster count
 E = Non-spawn monster count
 F = Spawn count percentage of total count
 G = Total turns spent on level
                    A         B        C        D         E        F      G
               +---------+---------+-------+---------+---------+-------+---------
         Total |       0 |     366 |   0.0 |       0 |      82 |   0.0 |  4437
               +---------+---------+-------+---------+---------+-------+---------
           D:1 |       0 |      40 |   0.0 |       0 |      23 |   0.0 |  1625
           D:2 |       0 |     254 |   0.0 |       0 |      41 |   0.0 |  2491
           D:3 |       0 |      33 |   0.0 |       0 |       6 |   0.0 |    96
           D:4 |       0 |      39 |   0.0 |       0 |      12 |   0.0 |   225
               +---------+---------+-------+---------+---------+-------+---------
